 Dungeon Crawl Stone Soup version 0.31-a0-986-g5e6e4ef867 (webtiles) character file.

Game seed: 10954491874677048308

2662 wildpjah the Magician (level 9, -5/60 HPs)
             Began as a White Draconian Fire Elementalist on Nov 21, 2023.
             Was an Elder of Hepliaklqana.
             Slain by a slime creature (11 damage)
             ... on level 8 of the Dungeon.
             The game lasted 00:20:41 (7608 turns).

wildpjah the Magician (DrFE)                        Turns: 7608, Time: 00:20:43

Health: -5/60      AC: 10    Str: 11    XL:     9   Next: 36%
Magic:  15/18      EV: 12    Int: 23    God:    Hepliaklqana [****..]
Gold:   273        SH:  0    Dex: 14    Spells: 18/21 levels left

rFire   + . .        j - +3 quarterstaff (chaos)
rCold   . . .        (shield currently unavailable)
rNeg    . . .        (body armour unavailable)
rPois   .            (helmet restricted)
rElec   .            k - +0 cloak
rCorr   .            B - +0 pair of gloves
SInv    .            H - +0 pair of boots
Will    .....        n - amulet of faith
Stlth   +++          y - ring of fire
HPRegen 0.30/turn    e - +6 ring of intelligence
MPRegen 0.16/turn

%: faith
@: no status effects
A: reduced essence, breathe frost, AC +7, unfitting armour, cold resistance 1,
cold-blooded
a: Breathe Frost, Renounce Religion, Recall Ancestor, Ancestor Identity,
Transference, Idealise


You were on level 8 of the Dungeon.
You worshipped Hepliaklqana.
Hepliaklqana was greatly pleased with you.
You visited 1 branch of the dungeon, and saw 8 of its levels.

You collected 273 gold pieces.

Inventory:

Hand Weapons
 g - a +2 sling of flaming
 j - a +3 quarterstaff of chaos (weapon)
Missiles
 C - 4 silver javelins
Armour
 k - a +0 cloak (worn)
 B - a +0 pair of gloves (worn)
 H - a +0 pair of boots (worn)
Jewellery
 e - a +6 ring of intelligence (right hand)
 i - a ring of poison resistance
 n - an amulet of faith (around neck)
 o - an amulet of the acrobat
 v - a +6 ring of strength
 y - a ring of fire (left hand)
 D - an amulet of reflection
 I - a ring of flight
Wands
 x - a wand of roots (15)
Scrolls
 c - 11 scrolls of identify {unknown}
 h - 2 scrolls of revelation {unknown}
 l - a scroll of blinking {unknown}
 m - 2 scrolls of enchant armour {unknown}
 r - a scroll of fear {unknown}
 t - a scroll of fog {unknown}
 u - a scroll of teleportation {unknown}
 E - 3 scrolls of enchant weapon {unknown}
 G - a scroll of poison {unknown}
 J - a scroll of noise {unknown}
Potions
 a - a potion of magic
 b - 5 potions of curing {unknown}
 d - 4 potions of heal wounds {unknown}
 f - 2 potions of mutation {unknown}
 p - 3 potions of haste {unknown}
 q - 2 potions of berserk rage {unknown}
 s - a potion of ambrosia {unknown}
 w - 3 potions of attraction {unknown}
 z - 2 potions of resistance {unknown}
 A - a potion of cancellation {unknown}
 F - a potion of might {unknown}


   Skills:
 + Level 2.0 Fighting
 * Level 5.0 Staves
 + Level 2.7 Dodging
 + Level 4.1 Stealth
 + Level 6.5 Spellcasting
 + Level 5.0 Conjurations
 + Level 5.7 Fire Magic


You had 18 spell levels left.
You knew the following spells:

 Your Spells              Type           Power      Damage    Failure   Level
a - Foxfire               Conj/Fire      100%       2x1d9     1%          1
b - Scorch                Fire           100%       2d9       1%          2

Your spell library contained the following spells:

 Spells                   Type           Power      Damage    Failure   Level
 Inner Flame              Hex/Fire       31%        N/A       8%          3
 Volatile Blastmotes      Fire/Tloc      62%        2d15      8%          3
 Dazzling Flash           Conj/Hex       38%        N/A       9%          3
 Flame Wave               Conj/Fire      48%        2d12      9%          4
 Lesser Beckoning         Tloc           14%        N/A       12%         2
 Gell's Gravitas          Tloc           7%         N/A       24%         3
 Ozocubu's Armour         Ice            7%         N/A       24%         3
 Teleport Other           Tloc           7%         N/A       24%         3
 Agony                    Necr           7%         N/A       92%         5
 Silence                  Hex/Air        3%         N/A       92%         5
 Ozocubu's Refrigeration  Ice            3%         4d8       100%        7


Dungeon Overview and Level Annotations

Branches:
Dungeon (8/15)             Temple (0/1) D:7
   Lair: D:8-11

Altars:
Cheibriados
Hepliaklqana
Yredelemnul

Shops:
D:3 *!![   D:7 [


Innate Abilities, Weirdness & Mutations

Your life essence is reduced to manifest your ancestor. (-10% HP)
You can breathe waves of freezing cold which knock back foes.
Your icy white scales are hard. (AC +7)
You cannot fit into any form of body armour.
Your flesh is cold resistant. (rC+)
You are cold-blooded and may be slowed by cold attacks.


Message History

You barely miss the slime creature.
The slime creature is lightly wounded.
The foxfire hits the slime creature!
The slime creature is moderately wounded.
The foxfire hits the slime creature.
The slime creature is heavily wounded.
The slime creature hits you. The slime creature hits you!
The slime creature hits you.
Quintus points at the slime creature and mumbles some strange words.
The puff of frost hits the slime creature!
You are too injured to fight recklessly!
Unknown command.
Casting: Foxfire (safe; 1% risk of failure)
Press: ? - help, Q - select action, (/) - cycle Dir - look around, f - activate You feel a surge of power!
You conjure some foxfire!
The foxfire hits the slime creature.
The slime creature is severely wounded.
The slime creature misses you. The slime creature hits you.
You barely miss the slime creature.
The slime creature is severely wounded.
The foxfire hits the slime creature.
The slime creature is lightly wounded.
The slime creature hits you. The slime creature hits you!
* * * LOW HITPOINT WARNING * * *
Quintus hits the slime creature with a +0 quarterstaff!
You swap places.
The slime creature barely misses Quintus.
Two slime creatures merge to form a large slime creature.
The slime creature misses Quintus.
Quintus hits the large slime creature with a +0 quarterstaff!!
There is an open door here.
The slime creature hits Quintus!
Quintus hits the large slime creature with a +0 quarterstaff!
Something hits Quintus!
Quintus casts a spell at the large slime creature.
The stone arrow hits the large slime creature!
The large slime creature dies!
The slime creature attacks as it pursues you!
The slime creature hits you!
You die...

##'###....######.#######<^.#
#.
.....'....'................#
#.
....##....######.#######..##
#. ....##....# #.# #..# #.
....##....# #.# #..# #.
....##....# #.# #..# #.
....##....# #.# #..# ###.
....##....# #.# #..# #.R.
....##....# #@# ##.# #.##
######....# #J# #.# #.R. #
###########'### #.######. #
.......R...# #........ #
......J....# ######### #
...........# # ....<).....#
...........# ...........#


You could see the friendly Quintus the battlemage and a slime creature.

Vanquished Creatures
  Maggie (D:7)
  Sigmund (D:2)
  A water moccasin (D:6)
  A black bear (D:8)
  A sky beast (D:7)
  2 ogres
  A bullfrog (D:7)
  A kobold brigand (D:7)
  A gnoll sergeant (D:6)
  Dowan (D:7)
  3 hounds
  A jelly (D:6)
  An orc priest (D:5)
  Crazy Yiuf (D:2)
  2 gnoll boudas
  Terence (D:2)
  Robin (D:3)
  13 gnolls
  10 adders
  A shadow imp (D:6)
  2 worms
  3 dart slugs
  16 orcs
  8 ball pythons
  3 bats
  5 endoplasms
  3 giant cockroaches
  15 goblins
  9 hobgoblins
  7 jackals (D:1)
  20 kobolds
  3 quokkas
  11 frilled lizards
  7 rats
157 creatures vanquished.

Vanquished Creatures (collateral kills)
  A slime creature (D:8)
  Prince Ribbit (D:6)
  Duvessa (D:7)
  An ice beast (D:6)
  An ogre (D:6)
  A kobold brigand (D:7)
  2 scorpions
  A hound (D:7)
  A jelly (D:7)
  2 iguanas
  3 orc wizards (D:5)
  2 gnolls (D:6)
  A shadow imp (D:6)
  6 orcs
  A giant cockroach (D:4)
  2 kobolds (D:7)
  A rat (D:4)
  5 foxfires (D:3)
33 creatures vanquished.

Vanquished Creatures (others)
  495 foxfires
495 creatures vanquished.

Grand Total: 685 creatures vanquished

Notes
Turn   | Place    | Note
-------+----------+-------------------------------------------
     0 | D:1      | wildpjah the Draconian Fire Elementalist began the quest
                  | for the Orb.
     0 | D:1      | Reached XP level 1. HP: 14/14 MP: 3/3
   191 | D:1      | Reached XP level 2. HP: 20/20 MP: 0/5
   949 | D:1      | Reached XP level 3. HP: 26/26 MP: 3/6
   954 | D:1      | Learned a level 2 spell: Scorch
  1507 | D:2      | Found a faded altar of an unknown god.
  1620 | D:2      | Noticed Sigmund
  1641 | D:2      | Killed Sigmund
  1642 | D:2      | Reached skill level 3 in Spellcasting
  1642 | D:2      | Reached XP level 4. HP: 24/33 MP: 2/9
  1642 | D:2      | Reached XP level 5. HP: 27/38 MP: 2/10
  1862 | D:2      | Found a runed translucent door.
  1863 | D:2      | Noticed Crazy Yiuf
  1876 | D:2      | Killed Crazy Yiuf
  2148 | D:2      | Reached XP level 6. HP: 43/46 MP: 8/11
  2211 | D:2      | Noticed Terence
  2226 | D:2      | Killed Terence
  2530 | D:3      | Noticed Robin
  2548 | D:3      | Killed Robin
  2671 | D:3      | Found Feewuuwk's Antique Armour Boutique.
  2837 | D:3      | Found Cimij's Distillery.
  2872 | D:3      | Reached skill level 1 in Staves
  2988 | D:3      | Found Bemam's Distillery.
  2998 | D:3      | Found Uvopom's Assorted Antiques.
  3132 | D:3      | Found a hazy altar of Hepliaklqana.
  3174 | D:3      | Became a worshipper of Hepliaklqana the Forgotten
  3298 | D:4      | Reached skill level 5 in Fire Magic
  3500 | D:4      | Reached skill level 1 in Fighting
  3500 | D:4      | Reached skill level 4 in Spellcasting
  3500 | D:4      | Your scales start taking on an icy white colour.
  3500 | D:4      | Reached XP level 7. HP: 52/52 MP: 9/13
  3500 | D:4      | Gained mutation: Your flesh is cold resistant. (rC+) [White
                  | Draconian growth]
  3872 | D:4      | Reached * piety under Hepliaklqana
  4419 | D:5      | Entered Level 5 of the Dungeon
  4803 | D:5      | Reached ** piety under Hepliaklqana
  4804 | D:5      | Remembered your ancestor Quintus as a battlemage
  5258 | D:6      | Noticed Prince Ribbit
  5264 | D:6      | Killed Prince Ribbit
  5265 | D:6      | Reached XP level 8. HP: 53/53 MP: 6/15
  5435 | D:6      | Reached skill level 5 in Spellcasting
  5602 | D:6      | Found a snail-covered altar of Cheibriados.
  5649 | D:6      | Reached skill level 5 in Fire Magic
  5876 | D:6      | Reached *** piety under Hepliaklqana
  5980 | D:6      | Found a basalt altar of Yredelemnul.
  6315 | D:7      | Reached XP level 9. HP: 60/60 MP: 11/17
  6374 | D:7      | Found a staircase to the Ecumenical Temple.
  6501 | D:7      | Reached skill level 6 in Spellcasting
  6548 | D:7      | Found Ceana's Antique Armour Emporium.
  6745 | D:7      | Noticed Maggie
  6753 | D:7      | Killed Maggie
  6954 | D:7      | Noticed Dowan
  6956 | D:7      | Noticed Duvessa
  6960 | D:7      | Killed Dowan
  6969 | D:7      | Killed Duvessa
  6970 | D:7      | Reached skill level 5 in Staves
  6970 | D:7      | Reached skill level 5 in Conjurations
  7565 | D:8      | Reached **** piety under Hepliaklqana
  7608 | D:8      | Killed a large slime creature
  7608 | D:8      | Slain by a slime creature

Illustrated notes

Levels and vault maps discovered:
D:1:      pf_arrival_petrified_forest, layout_basic
D:2:      minmay_door_path, layout_rooms, ebering_ecumenical_altar_petrified,
          minmay_misc_feat_tiny, uniq_terence, uniq_sigmund,
          uniq_crazy_yiuf_cottage
D:3:      layout_rooms, nzn_hepliaklqana_mist_gate, serial_shops, shop,
          nicolae_shop_statue_plus, shop, nicolae_shop_window_shopping,
          minmay_lizard_king, uniq_robin
D:4:      layout_basic, portal_sewer_entry_b, st_stairs_1
D:5:      layout_loops_cross
D:6:      hellmonk_ruined_rings, layout_cave_pools, mainiacjoe_overflow_paths,
          overflow_temple_1_default, uniq_prince_ribbit1
D:7:      layout_loops_corners, minmay_temple_entry_waves, serial_shops,
          nicolae_shop_scrapyard, uniq_duvessa, uniq_maggie
D:8:      layout_basic, nicolae_overflow_macrodata_refinement, uniq_maurice,
          uniq_joseph

Skill      XL: |  1  2  3  4  5  6  7  8  9 |
---------------+----------------------------+-----
Dodging        | 2 |  2.7
Stealth        | 2 3 4 |  4.1
Spellcasting   | 3 4 5 6 |  6.5
Conjurations   | 2 3 4 5 |  5.0
Fire Magic     | 4 4 5 |  5.7
Staves         | 1 3 4 5 |  5.0
Fighting       | 1 2 |  2.0

Action                     |  1- 3 |  4- 6 |  7- 9 || total
---------------------------+-------+-------+-------++-------
  Melee: Short sword       |     4 |       |       ||     4
         Falchion          |    13 |     6 |       ||    19
         Quarterstaff      |       |    32 |    38 ||    70
         Tailslap          |       |     2 |     5 ||     7
   Cast: Foxfire           |    53 |   110 |   139 ||   302
         Scorch            |     3 |     3 |     8 ||    14
 Invoke: Recall Ancestor   |       |       |     4 ||     4
         Ancestor Life: Ba |       |       |     1 ||     1
Ability: Breathe Frost     |       |       |     2 ||     2
   Stab: Sleeping          |       |     1 |     3 ||     4
 Armour: Skin              |    16 |    35 |    41 ||    92
  Dodge: Dodged            |    16 |    42 |    30 ||    88

Table legend: (Time is in decaauts)
 A = Elapsed time spent in this place.
 B = Non-inter-level travel time spent in this place.
 C = Inter-level travel time spent in this place.
 D = Time resting spent in this place.
 E = Time spent auto-exploring this place.
 F = Levels seen in this place.
 G = Mean time per level.
                   A        B        C        D        E       F      G
               +--------+--------+--------+--------+--------+-----+--------+
         Total |   7624 |   7361 |    263 |      0 |   6358 |   8 |  953.0 |
       Dungeon |   7624 |   7361 |    263 |      0 |   6358 |   8 |  953.0 |
               +--------+--------+--------+--------+--------+-----+--------+

Top non-repeatable levels by time:
     D:1: 1376 daAuts
     D:7: 1337 daAuts
     D:4: 1237 daAuts
     D:2: 1010 daAuts
     D:6: 859 daAuts
     D:5: 840 daAuts
     D:3: 808 daAuts
     D:8: 154 daAuts
